[Event "Titled Tuesday Blitz May 2 Late 2023"]
[White "Averjanov, Alexey"]
[Black "Erzhanov, Arman"]
[WhiteFideId "14109867"]
[BlackFideId "4138821"]
[WhiteElo "2399"]
[BlackElo "2138"]
[Result "1-0"]
[Round "10"]
[TimeControl "180+2"]
[Date "2023.05.02"]
[WhiteClock "0:00:11"]
[BlackClock "0:00:04"]

1. d4 d6 2. c4 e5 3. Nc3 exd4 4. Qxd4 Nc6 5. Qd2 Nf6 6. b3 a5 7. Bb2 a4 8. Rc1 axb3 9. axb3 Be7 10. Nf3 O-O 11. g3 Na5 12. Qd1 c6 13. Bg2 Qb6 14. Nd2 Be6 15. O-O Nxc4 16. Nxc4 Bxc4 17. Na4 Qxb3 18. Bxf6 Bxf6 19. Rxc4 Qxc4 20. Nb6 Qc5 21. Nxa8 Rxa8 22. Qb3 b5 23. Qf3 d5 24. e4 d4 25. h4 Qc3 26. Qf5 d3 27. f4 Bd4+ 28. Kh1 g6 29. Qd7 Ra1 30. e5 d2 31. Qd8+ Kg7 32. Qf6+ Kf8 33. Qd6+ Kg8 34. Qd8+ Kg7 35. Qf6+ Kg8 36. Kh2 Ra8 37. h5 Qc5 38. Rd1 Be3 39. Bxc6 Rc8 40. h6 Qf8 41. e6 Qxh6+ 42. Kg2 Qf8 43. e7 Qg7 44. Qxg7+ Kxg7 45. e8=Q Rxe8 46. Bxe8 b4 47. Kf3 Bd4 48. Rxd2 Bc3 49. Rc2 Kf6 50. Ba4 Ke7 51. Bb3 f6 52. Re2+ Kd6 53. g4 Kc5 54. Ke4 h5 55. gxh5 gxh5 56. Rh2 Be1 57. Rxh5+ Kd6 58. Rd5+ Kc6 59. Rf5 Bc3 60. Rh5 Kd6 61. Kf5 Kc5 62. Rh6 Kd4 63. Rxf6 Ke3 64. Rd6 Kf3 65. Rd7 Bd2 66. Rxd2 Ke3 67. Rd5 Kf3 68. Ke5 Ke3 69. f5 1-0


[Site "https://www.chess.com"]

[Event "Titled Tuesday Blitz May 2 Late 2023"]
[White "Tsotsonava, Elene"]
[Black "Pantev, Veselin"]
[WhiteFideId "13615939"]
[BlackFideId "2901390"]
[WhiteElo "1829"]
[BlackElo "2427"]
[Result "1-0"]
[Round "10"]
[TimeControl "180+2"]
[Date "2023.05.02"]
[WhiteClock "0:00:11"]
[BlackClock "0:00:11"]

1. d4 Nf6 2. Nf3 e6 3. c4 Bb4+ 4. Bd2 c5 5. g3 Qb6 6. Bg2 cxd4 7. O-O Bxd2 8. Qxd2 Nc6 9. Na3 a6 10. Rac1 d6 11. e3 dxe3 12. Qxd6 exf2+ 13. Kh1 Qd8 14. Qc5 Qe7 15. Qxf2 O-O 16. c5 e5 17. Nc4 Bg4 18. Nd6 Rab8 19. Rfe1 Nd7 20. Nh4 g6 21. Nf3 Be6 22. a3 a5 23. Qd2 f6 24. b4 axb4 25. axb4 Nd8 26. Nh4 f5 27. Nf3 e4 28. Ng5 h6 29. Nxe6 Nxe6 30. Qxh6 Qg7 31. Qd2 Rfd8 32. Qd5 Qe5 33. Bxe4 fxe4 34. Qxe5 Nxe5 35. Rxe4 Nd3 36. Rf1 Nf8 37. Rf3 Nb2 38. Kg2 b6 39. Re7 bxc5 40. bxc5 Na4 41. Rff7 Rxd6 42. cxd6 Nc5 43. Rg7+ Kh8 44. Rgf7 Rd8 45. Rf6 Ncd7 46. Rf4 Kg8 47. h4 Ne5 48. Rxe5 Rxd6 49. Re8 Kg7 50. Rexf8 Rd7 51. Kh3 Rc7 52. Re8 Rd7 53. Ree4 Rc7 54. Rg4 Rd7 55. Rg5 Kh7 56. Reg4 Rd6 57. Rxg6 Rd7 58. h5 Rc7 59. Kh4 Rc8 60. Rg7+ Kh8 61. Rg8+ Rxg8 62. Rxg8+ Kxg8 63. Kg5 1-0


[Site "https://www.chess.com"]

[Event "Titled Tuesday Blitz May 2 Late 2023"]
[White "Baskin, Robert"]
[Black "Hansen, Eric"]
[WhiteFideId "24662402"]
[BlackFideId "2606771"]
[WhiteElo "2472"]
[BlackElo "2561"]
[Result "0-1"]
[Round "10"]
[TimeControl "180+2"]
[Date "2023.05.02"]
[WhiteClock "0:01:27"]
[BlackClock "0:01:51"]

1. e4 c5 2. Nc3 Nc6 3. Nf3 e6 4. d4 cxd4 5. Nxd4 Qc7 6. f4 a6 7. Nxc6 Qxc6 8. Bd3 b5 9. a3 Bb7 10. Qe2 Nf6 11. Bd2 Rc8 12. e5 Nd5 13. Ne4 Be7 14. O-O O-O 15. Kh1 f5 16. exf6 Nxf6 17. Ng5 h6 18. Nf3 Bd6 19. Rae1 Qd5 20. Ne5 Bxe5 21. Qxe5 Qxg2# 0-1


[Site "https://www.chess.com"]

[Event "Titled Tuesday Blitz May 2 Late 2023"]
[White "Yoo, Christopher Woojin"]
[Black "Kim, Sergey"]
[WhiteFideId "30909694"]
[BlackFideId "13700570"]
[WhiteElo "2519"]
[BlackElo "2295"]
[Result "0-1"]
[Round "10"]
[TimeControl "180+2"]
[Date "2023.05.02"]
[WhiteClock "0:00:19"]
[BlackClock "0:00:23"]

1. g3 Nf6 2. Bg2 g6 3. d4 Bg7 4. Nf3 d6 5. O-O O-O 6. c4 Nbd7 7. Nc3 e5 8. Qc2 exd4 9. Nxd4 Re8 10. Rd1 Nc5 11. b3 Qe7 12. Bb2 c6 13. e3 Nce4 14. Nxe4 Nxe4 15. h3 a5 16. g4 a4 17. Ne2 Bxb2 18. Qxb2 h5 19. gxh5 Nxf2 20. Kxf2 Qxe3+ 21. Kf1 Bxh3 22. Nd4 Re4 23. Rd2 a3 24. Qc2 Rf4+ 25. Rf2 Qxd4 26. Re1 Bxg2+ 27. Kxg2 Rh4 28. Rf3 Qg4+ 29. Rg3 Qxh5 30. Re2 Rh2+ 31. Kf1 Rh1+ 32. Rg1 Qh3+ 33. Rg2 Qf3+ 34. Rf2 Rxg1+ 35. Kxg1 Qg3+ 36. Rg2 Qe3+ 37. Kf1 Re8 38. Qd2 Qf3+ 39. Kg1 Qe3+ 40. Qxe3 Rxe3 41. Rd2 Re6 42. Kf2 Kg7 43. Rd3 f5 44. b4 Re4 45. Rxd6 Rxc4 46. Rd7+ Kh6 47. Rxb7 Rc2+ 48. Kf3 Rxa2 49. Ra7 Rb2 50. Rxa3 Rxb4 51. Rc3 Rb6 52. Kf4 Rb4+ 53. Kf3 Kg5 54. Rxc6 Rb3+ 55. Kf2 f4 56. Ra6 Kf5 57. Ra5+ Kg4 58. Rc5 Rb2+ 59. Kf1 g5 60. Ra5 f3 61. Rc5 Kf4 62. Ra5 g4 63. Ra1 Kg3 64. Ke1 Rh2 65. Ra3 Rh1+ 66. Kd2 Kg2 67. Ra4 g3 68. Rg4 f2 69. Rxg3+ Kxg3 0-1


[Site "https://www.chess.com"]

[Event "Titled Tuesday Blitz May 2 Late 2023"]
[White "Adewumi, Tanitoluwa"]
[Black "Szpar, Milosz"]
[WhiteFideId "30966396"]
[BlackFideId "1184989"]
[WhiteElo "2283"]
[BlackElo "2436"]
[Result "0-1"]
[Round "10"]
[TimeControl "180+2"]
[Date "2023.05.02"]
[WhiteClock "0:00:09"]
[BlackClock "0:00:05"]

1. e4 e6 2. d4 d5 3. exd5 exd5 4. Nf3 Nc6 5. Nc3 Bg4 6. Bb5 Bb4 7. O-O Ne7 8. h3 Bh5 9. a3 Bxc3 10. bxc3 O-O 11. Bd3 Bg6 12. Rb1 b6 13. Re1 Nf5 14. Bg5 Qc8 15. c4 dxc4 16. Be4 Qd7 17. Ne5 Nxe5 18. Bxa8 Nxd4 19. Rxe5 Bxc2 20. Rd5 Qc8 21. Qxd4 Bxb1 22. Bc6 Qe6 23. Qxc4 Be4 24. Rd4 Bxc6 25. Qxe6 fxe6 26. Rc4 Bd5 27. Rxc7 Rf7 28. Rc8+ Rf8 29. Rc7 a5 30. Be3 b5 31. Bc5 Re8 32. Bd4 e5 33. Bc3 a4 34. Rc5 Bc4 35. Bxe5 Re7 36. f4 Rd7 37. g4 Kf7 38. f5 g6 39. Kf2 gxf5 40. gxf5 Rd5 41. Rc7+ Ke8 42. Bc3 Rxf5+ 43. Ke3 Rf7 44. Rc8+ Kd7 45. Rc5 Kd6 46. Bb4 Ke6 47. Kd4 Rf3 48. Rh5 Rd3+ 49. Ke4 Rg3 50. Rh6+ Rg6 51. Rxh7 Rg3 52. Rh6+ Kf7 53. Kf4 Rd3 54. Rb6 Rd4+ 55. Ke5 Rd5+ 56. Ke4 Rh5 57. Rb7+ Kf6 58. Bc3+ Ke6 59. Rb6+ Kd7 60. Be5 Rxh3 61. Rd6+ Ke7 62. Rb6 Rh4+ 63. Kf5 Rh5+ 64. Ke4 Rh3 65. Kd4 Rd3+ 66. Ke4 Kd7 67. Rb7+ Kc6 68. Rc7+ Kb6 69. Rc8 Rxa3 70. Bd4+ Kb7 71. Rc5 Rb3 72. Ke5 Rd3 73. Bf2 a3 74. Ke4 a2 75. Bd4 Rxd4+ 76. Kxd4 a1=Q+ 77. Ke3 Qg1+ 78. Ke4 Qxc5 79. Kf3 b4 80. Kg2 b3 81. Kg3 Qd4 82. Kh2 b2 83. Kg2 Qc3 84. Kh2 b1=Q 85. Kg2 Qbb2+ 86. Kg1 Qcc1# 0-1


[Site "https://www.chess.com"]

[Event "Titled Tuesday Blitz May 2 Late 2023"]
[White "Samsonkin, Artiom"]
[Black "Mortazavi, Ali"]
[WhiteFideId "13503111"]
[BlackFideId "401323"]
[WhiteElo "2524"]
[BlackElo "2339"]
[Result "1-0"]
[Round "10"]
[TimeControl "180+2"]
[Date "2023.05.02"]
[WhiteClock "0:01:00"]
[BlackClock "0:00:55"]

1. e4 c6 2. d4 d5 3. e5 Bf5 4. h4 c5 5. dxc5 Nc6 6. Bb5 Qc7 7. Nc3 e6 8. g4 Qxe5+ 9. Kf1 Bxc5 10. gxf5 Qxf5 11. Qf3 Ne7 12. Qxf5 Nxf5 13. Nf3 O-O-O 14. Bxc6 bxc6 15. Ne5 Kb7 16. Nxf7 Rdf8 17. Nxh8 Ng3+ 18. Kg2 Nxh1 19. Kxh1 Rxh8 20. Be3 Bd6 21. Na4 e5 22. Bc5 Bc7 23. Kg2 Re8 24. Re1 Re6 25. h5 Rh6 26. Rh1 Rf6 27. Rh3 Rf5 28. Rg3 Rf7 29. Rb3+ Ka8 30. Rf3 Rxf3 31. Kxf3 g6 32. h6 Kb7 33. Bf8 Ka6 34. Nc5+ Kb5 35. Ne6 Bb6 36. Ng5 e4+ 37. Ke2 d4 38. Nxe4 1-0


[Site "https://www.chess.com"]

[Event "Titled Tuesday Blitz May 2 Late 2023"]
[White "Kleiman, Jake"]
[Black "Gritsenko, Nikolai"]
[WhiteFideId "2020041"]
[BlackFideId "14112493"]
[WhiteElo "2399"]
[BlackElo "2389"]
[Result "0-1"]
[Round "10"]
[TimeControl "180+2"]
[Date "2023.05.02"]
[WhiteClock "0:00:17"]
[BlackClock "0:00:05"]

1. e4 d5 2. exd5 Nf6 3. d4 Bg4 4. Be2 Bxe2 5. Qxe2 Qxd5 6. Nf3 e6 7. c4 Qh5 8. Nc3 Bb4 9. Bf4 Na6 10. Rc1 O-O 11. O-O c5 12. Nb5 Rfd8 13. a3 Ba5 14. dxc5 Qxc5 15. b4 Qf5 16. Bg3 Nxb4 17. axb4 Bxb4 18. Rfd1 a5 19. Be5 Rxd1+ 20. Rxd1 a4 21. h3 a3 22. Nfd4 Qe4 23. Qxe4 Nxe4 24. Nc2 Bc5 25. Bd4 a2 26. Bxc5 Nxc5 27. Nc3 g5 28. Ra1 Rd8 29. Rxa2 Rd3 30. Nb5 Rd1+ 31. Kh2 Rc1 32. Ne3 h5 33. Rc2 Re1 34. Nd4 Kg7 35. Nf3 Ra1 36. Nxg5 f5 37. h4 Kf6 38. g3 Ke5 39. Kg2 Kd4 40. Nf3+ Kd3 41. Rd2+ Kc3 42. Rd6 Ra2 43. Rb6 Ne4 44. Nd1+ Kc2 45. Ne3+ Kc3 46. Nd1+ Kc2 47. Rb2+ Rxb2 48. Nxb2 Kxb2 49. Nd4 Nc5 50. Kf3 Kc3 51. Ne2+ Kxc4 52. Kf4 b5 53. Ke3 b4 54. f3 Nd3 55. Kd2 b3 56. g4 fxg4 57. fxg4 hxg4 58. h5 Ne5 59. h6 Ng6 60. h7 e5 61. Ng3 Kd4 62. Nf5+ Ke4 63. Nh4 Nh8 64. Ng2 Kf3 65. Ne3 g3 66. Nf5 g2 67. Nh4+ Kf2 68. Nxg2 Kxg2 69. Kc3 Kf3 70. Kxb3 e4 71. Kc3 e3 0-1


[Site "https://www.chess.com"]

[Event "Titled Tuesday Blitz May 2 Late 2023"]
[White "Sai Krishna G V"]
[Black "Adan Bermudez, Sergio"]
[WhiteFideId "5028280"]
[BlackFideId "2292726"]
[WhiteElo "2359"]
[BlackElo "2292"]
[Result "1-0"]
[Round "10"]
[TimeControl "180+2"]
[Date "2023.05.02"]
[WhiteClock "0:00:40"]
[BlackClock "0:00:09"]

1. e4 d6 2. d4 Nf6 3. Nc3 e5 4. Nf3 Nbd7 5. g4 h6 6. Rg1 g6 7. h4 Bg7 8. Be3 c6 9. Qd2 exd4 10. Nxd4 Ne5 11. g5 hxg5 12. hxg5 Nfg4 13. O-O-O Nxe3 14. Qxe3 Qb6 15. Be2 Be6 16. Kb1 O-O-O 17. Na4 Qa5 18. b3 Bc4 19. f4 Bxe2 20. Nxe2 Nc4 21. bxc4 Qxa4 22. Qb3 Qa5 23. Rh1 Rxh1 24. Rxh1 Re8 25. Rh7 Qe1+ 26. Nc1 Bc3 27. Rxf7 b5 28. Qa3 Rxe4 29. Qxd6 Qxc1+ 30. Kxc1 Re1+ 31. Qd1 Bb2+ 32. Kd2 Rxd1+ 33. Kxd1 bxc4 34. Rxa7 1-0


[Site "https://www.chess.com"]

[Event "Titled Tuesday Blitz May 2 Late 2023"]
[White "Rosen, Eric"]
[Black "Petrovic, Aleksa"]
[WhiteFideId "2032562"]
[BlackFideId "967629"]
[WhiteElo "2331"]
[BlackElo "2309"]
[Result "0-1"]
[Round "10"]
[TimeControl "180+2"]
[Date "2023.05.02"]
[WhiteClock "0:00:01"]
[BlackClock "0:00:11"]

1. d4 Nf6 2. Bf4 e6 3. e3 c5 4. Nf3 Qb6 5. Na3 cxd4 6. Nc4 Qb4+ 7. c3 dxc3 8. bxc3 Qxc3+ 9. Nfd2 Nc6 10. Rc1 Qb4 11. a3 Qe7 12. Nd6+ Kd8 13. Rxc6 dxc6 14. N2c4 Nd7 15. Be2 f6 16. e4 e5 17. Be3 b5 18. Nf5 Qe6 19. Na5 g6 20. Nh4 Bxa3 21. O-O Kc7 22. f4 Bc5 23. Bxc5 Nxc5 24. Qc2 Kb6 25. Rc1 Qd6 26. Qa2 Be6 27. Qa3 Rhd8 28. Nf3 exf4 29. Rb1 Kc7 30. e5 fxe5 31. Qb2 e4 32. Ng5 Qd4+ 33. Kf1 Qxb2 34. Rxb2 Bd5 35. Rc2 Kb6 36. h4 Kxa5 37. Rxc5 Kb6 38. Rc1 a5 39. Ke1 a4 40. Kd2 a3 41. Kc3 a2 42. Ra1 Ra3+ 43. Kb2 Re3 44. Bg4 Rb3+ 45. Kc2 Rb1 46. Rxb1 axb1=Q+ 47. Kxb1 e3 48. Nxh7 Bxg2 49. Ng5 f3 50. Bxf3 Bxf3 51. Nxf3 e2 52. Kc2 Rd1 0-1


[Site "https://www.chess.com"]

[Event "Titled Tuesday Blitz May 2 Late 2023"]
[White "Aldokhin, Ivan"]
[Black "Shapiro, Viktor"]
[WhiteFideId "24115720"]
[BlackFideId "4175700"]
[WhiteElo "2322"]
[BlackElo "2152"]
[Result "1-0"]
[Round "10"]
[TimeControl "180+2"]
[Date "2023.05.02"]
[WhiteClock "0:00:18"]
[BlackClock "0:00:06"]

1. e4 Nf6 2. e5 Nd5 3. Nc3 Nb6 4. f4 d6 5. d4 dxe5 6. fxe5 g6 7. h4 c5 8. d5 Bg7 9. Bf4 h5 10. Qd2 Bg4 11. Nf3 N8d7 12. Qe3 O-O 13. O-O-O e6 14. d6 c4 15. Be2 Rc8 16. Ng5 Bxe2 17. Qxe2 Rc5 18. g4 Bxe5 19. Be3 Ra5 20. gxh5 Bxc3 21. bxc3 Nd5 22. hxg6 fxg6 23. Bd4 e5 24. Qe4 Rf5 25. Bxe5 Nxe5 26. Rxd5 Qb6 27. d7 Qd8 28. Ne6 Rxd5 29. Qxd5 Nd3+ 30. Qxd3 cxd3 31. Nxd8 Rd5 32. Nxb7 Rxd7 33. Nc5 Rc7 34. Nxd3 Rxc3 35. Rg1 Kh7 36. Nf4 Rc4 37. Nxg6 a5 38. Rg5 a4 39. Kb2 Rb4+ 40. Ka3 Re4 41. h5 Kh6 42. Rc5 Re2 43. Nf4 Rf2 44. Nd3 Rh2 45. Kxa4 Rh4+ 46. Kb5 1-0


[Site "https://www.chess.com"]

[Event "Titled Tuesday Blitz May 2 Late 2023"]
[White "Simonian, Hrair"]
[Black "Gutkin, Ilya"]
[WhiteFideId "13302337"]
[BlackFideId "16203470"]
[WhiteElo "2447"]
[BlackElo "2265"]
[Result "1-0"]
[Round "10"]
[TimeControl "180+2"]
[Date "2023.05.02"]
[WhiteClock "0:01:34"]
[BlackClock "0:00:05"]

1. e4 e6 2. d4 d5 3. Nc3 Nf6 4. Bg5 dxe4 5. Nxe4 Be7 6. Bxf6 gxf6 7. Nf3 f5 8. Nc3 a6 9. Qd2 b5 10. O-O-O c5 11. d5 b4 12. Na4 Qa5 13. d6 Bf6 14. b3 Bd7 15. Qh6 Bc3 16. Nxc3 bxc3 17. Kb1 Nc6 18. Qf6 Rg8 19. Ne5 Ra7 20. Nxc6 Bxc6 21. Bc4 Rd7 22. Bxe6 fxe6 23. Qxe6+ Kf8 24. Rhe1 Rf7 25. d7 Bxd7 26. Rxd7 Rxd7 27. Qxd7 Rg7 28. Qe8# 1-0


[Site "https://www.chess.com"]

[Event "Titled Tuesday Blitz May 2 Late 2023"]
[White "Novik, Maxim"]
[Black "Przybylski, Wojciech"]
[WhiteFideId "4102924"]
[BlackFideId "1117599"]
[WhiteElo "2287"]
[BlackElo "2222"]
[Result "1-0"]
[Round "10"]
[TimeControl "180+2"]
[Date "2023.05.02"]
[WhiteClock "0:00:24"]
[BlackClock "0:00:23"]

1. d4 Nf6 2. c4 e6 3. Nc3 Bb4 4. e3 O-O 5. Bd3 b6 6. Nf3 Bb7 7. O-O c5 8. d5 Bxc3 9. bxc3 exd5 10. cxd5 Bxd5 11. c4 Be6 12. e4 d6 13. Bb2 Nbd7 14. Qc2 Qc7 15. Rad1 Ne5 16. Nxe5 dxe5 17. f4 Ng4 18. f5 Ne3 19. Qe2 Nxd1 20. Qxd1 Bc8 21. f6 Rd8 22. Qf3 g6 23. Qg3 Qd7 24. Qg5 Qe8 25. Rf3 Be6 26. h4 h5 27. Rg3 Bg4 28. Bxe5 Rac8 29. Be2 Bxe2 30. Qh6 Qf8 31. Rxg6+ 1-0


[Site "https://www.chess.com"]

[Event "Titled Tuesday Blitz May 2 Late 2023"]
[White "Liu, Casper"]
[Black "Marek, Matyas"]
[WhiteFideId "1454153"]
[BlackFideId "335398"]
[WhiteElo "2221"]
[BlackElo "2279"]
[Result "0-1"]
[Round "10"]
[TimeControl "180+2"]
[Date "2023.05.02"]
[WhiteClock "0:00:02"]
[BlackClock "0:00:11"]

1. e4 c5 2. Nf3 d6 3. c3 Nf6 4. h3 Nc6 5. Bd3 e5 6. Bc2 Be7 7. O-O O-O 8. d4 Re8 9. Re1 Qc7 10. Na3 a6 11. Bg5 b5 12. Rc1 Bb7 13. Bh4 Rad8 14. Bg3 Bf8 15. Bb1 g6 16. Qd2 Nh5 17. Bh2 Bg7 18. Nc2 d5 19. exd5 Rxd5 20. g4 Qd7 21. Ne3 Nf6 22. Nxd5 Qxd5 23. Qe2 cxd4 24. Ng5 d3 25. Bxd3 Nd4 26. Qe4 Nxe4 27. Bxe4 Qd7 28. Bxb7 Qxb7 29. cxd4 h6 30. Ne4 Qd7 31. dxe5 Qd5 32. Nc3 Qe6 33. Rcd1 h5 34. Rd6 Qc4 35. Re4 Qc5 36. Rd5 Qc6 37. Rd6 Qb7 38. Re2 b4 39. Nd5 Qb5 40. Re1 hxg4 41. hxg4 Qc4 42. Ne3 Qe4 43. Rxa6 Bxe5 44. Bxe5 Rxe5 45. Rb6 Qf3 46. Rxb4 Re4 47. Rxe4 Qxe4 48. Kf1 Qd3+ 49. Re2 Qb1+ 50. Kg2 Qxa2 51. Rc2 Qb3 52. Kf3 Kg7 53. Ke2 Qb5+ 54. Kd2 Qd7+ 55. Ke2 Qb5+ 56. Kd2 Qe5 57. Ke2 Kf6 58. Rd2 Qb5+ 59. Kf3 Kg7 60. Rc2 f5 61. gxf5 gxf5 62. Rc7+ Kg6 63. Rc2 Kg5 64. Rd2 Qb7+ 65. Rd5 Kf6 66. Kf4 Qb4+ 67. Kf3 Qe4+ 68. Ke2 f4 0-1


[Site "https://www.chess.com"]

[Event "Titled Tuesday Blitz May 2 Late 2023"]
[White "Vlassov, Nikolai"]
[Black "Seletsky, Grigory"]
[WhiteFideId "4103360"]
[BlackFideId "14112191"]
[WhiteElo "2324"]
[BlackElo "2490"]
[Result "0-1"]
[Round "10"]
[TimeControl "180+2"]
[Date "2023.05.02"]
[WhiteClock "0:01:01"]
[BlackClock "0:01:09"]

1. e4 c6 2. d4 d5 3. e5 Bf5 4. Nc3 e6 5. g4 Bg6 6. Nge2 h5 7. Nf4 Bh7 8. Nxh5 c5 9. dxc5 Nc6 10. Bb5 Bxc5 11. Nxg7+ Kf8 12. Bxc6 Kxg7 13. Ba4 d4 14. Ne2 Qa5+ 15. c3 dxc3 16. Nxc3 Rd8 17. Bd2 Bb4 18. O-O Qxe5 19. Qb3 Bc2 20. f4 Qd4+ 21. Rf2 Bxb3 22. Bxb3 Rxh2 23. Rf1 Qxd2 24. Rxd2 Rdxd2 25. Ne4 Rdg2# 0-1


[Site "https://www.chess.com"]

[Event "Titled Tuesday Blitz May 2 Late 2023"]
[White "Janaszak, Dawid"]
[Black "Shubenkova, Veronika"]
[WhiteFideId "1119206"]
[BlackFideId "44124040"]
[WhiteElo "2220"]
[BlackElo "2027"]
[Result "1-0"]
[Round "10"]
[TimeControl "180+2"]
[Date "2023.05.02"]
[WhiteClock "0:00:10"]
[BlackClock "0:00:02"]

1. e4 c6 2. d4 d5 3. exd5 cxd5 4. Bd3 Nc6 5. c3 Nf6 6. Bf4 e6 7. Nf3 Bd6 8. Bg3 a6 9. Qe2 O-O 10. Nbd2 b5 11. Ne5 Qc7 12. Ndf3 Bb7 13. h4 Na5 14. h5 Ne4 15. h6 g6 16. Bxe4 dxe4 17. Ng5 Bxe5 18. Bxe5 Qc4 19. Bf6 Qxe2+ 20. Kxe2 Rfc8 21. Rh4 Nc4 22. Rb1 Nd6 23. Be5 Nf5 24. Rf4 b4 25. g4 Nxh6 26. Rh1 f6 27. Rxf6 bxc3 28. Rxh6 cxb2 29. Rxh7 Rc2+ 30. Ke3 Rc3+ 31. Kf4 Rf3+ 32. Nxf3 Kxh7 33. Rf7+ Kg8 34. Rxb7 exf3 35. g5 Rf8+ 36. Bf6 Rc8 37. Rxb2 Rc3 38. Ke5 Kf7 39. Rb7+ Ke8 40. Kxe6 Rc6+ 41. Ke5 Rc2 42. Kd6 Rxf2 43. Ke6 Re2+ 44. Be5 Rxe5+ 45. dxe5 f2 46. Rb8# 1-0


[Site "https://www.chess.com"]

[Event "Titled Tuesday Blitz May 2 Late 2023"]
[White "Haydon, David L"]
[Black "Bryant, Todd"]
[WhiteFideId "415405"]
[BlackFideId "2031299"]
[WhiteElo "2326"]
[BlackElo "2075"]
[Result "1-0"]
[Round "10"]
[TimeControl "180+2"]
[Date "2023.05.02"]
[WhiteClock "0:01:23"]
[BlackClock "0:00:09"]

1. e4 c5 2. Nf3 d6 3. d4 cxd4 4. Nxd4 Nf6 5. Nc3 g6 6. g3 Nc6 7. Bg2 Nxd4 8. Qxd4 Bg7 9. h3 O-O 10. O-O Be6 11. Be3 Ng4 12. Qd2 Nxe3 13. Qxe3 Qc8 14. Kh2 Bxc3 15. bxc3 a6 16. f4 Qc4 17. f5 Bd7 18. h4 Rac8 19. Rf3 Bb5 20. h5 Qc5 21. Qh6 Qe5 22. a4 Bc4 23. hxg6 fxg6 24. fxg6 hxg6 25. Qxg6+ Qg7 26. Qxg7+ Kxg7 27. Rf4 e5 28. Rxf8 Rxf8 29. Rd1 Rf6 30. a5 Bb5 31. Kg1 Bc6 32. c4 Kg6 33. Rd3 Kg5 34. Rc3 Kg4 35. c5 dxc5 36. Rxc5 Kxg3 37. Rxe5 1-0


[Site "https://www.chess.com"]

[Event "Titled Tuesday Blitz May 2 Late 2023"]
[White "Kavutskiy, Konstantin"]
[Black "Onslow, Alfie"]
[WhiteFideId "2026384"]
[BlackFideId "436976"]
[WhiteElo "2323"]
[BlackElo "2114"]
[Result "1/2-1/2"]
[Round "10"]
[TimeControl "180+2"]
[Date "2023.05.02"]
[WhiteClock "0:00:10"]
[BlackClock "0:00:10"]

1. d4 d5 2. c4 e6 3. Nf3 c6 4. e3 f5 5. b3 Nf6 6. Bd3 Bd6 7. O-O Qe7 8. Bb2 O-O 9. Nc3 Nbd7 10. Ne2 Ne4 11. Nf4 g5 12. Ne2 Qg7 13. g3 h5 14. h4 gxh4 15. Nxh4 Ndf6 16. Kg2 Ng4 17. Bxe4 fxe4 18. Nf4 Bxf4 19. exf4 Rxf4 20. Bc1 Nxf2 21. Rxf2 Rxh4 22. Bf4 Rg4 23. Be5 Qg5 24. Qf1 Bd7 25. Rf7 h4 26. Rxd7 Rf8 27. Qe1 Rf3 28. Rg7+ Qxg7 29. Bxg7 Rgxg3+ 30. Kh2 Rh3+ 31. Kg2 Rhg3+ 32. Kh2 Rh3+ 33. Kg2 Rhg3+ 1/2-1/2


[Site "https://www.chess.com"]

[Event "Titled Tuesday Blitz May 2 Late 2023"]
[White "Karttunen, Mika"]
[Black "Bogaudinov, Rushan"]
[WhiteFideId "502081"]
[BlackFideId "4129288"]
[WhiteElo "2396"]
[BlackElo "1967"]
[Result "1-0"]
[Round "10"]
[TimeControl "180+2"]
[Date "2023.05.02"]
[WhiteClock "0:00:12"]
[BlackClock "0:00:04"]

1. d4 d5 2. c4 dxc4 3. e3 e6 4. Bxc4 c5 5. Nf3 Nf6 6. O-O Be7 7. Be2 O-O 8. dxc5 Qxd1 9. Rxd1 Bxc5 10. Ne5 Nbd7 11. Nd3 Be7 12. Bf3 g5 13. h3 h5 14. g3 g4 15. hxg4 hxg4 16. Bg2 Nc5 17. Nxc5 Bxc5 18. b3 Be7 19. Bb2 a5 20. Nc3 Rd8 21. Rxd8+ Bxd8 22. Rd1 Be7 23. Na4 Ra6 24. Nc5 Bxc5 25. Rd8+ Kg7 26. Rxc8 b6 27. Be4 Ra7 28. Rd8 a4 29. Rd1 axb3 30. axb3 Ra2 31. Be5 Be7 32. Rd7 Kf8 33. Bxf6 Bxf6 34. Rb7 Ra6 35. Bd3 Ra1+ 36. Kg2 Bd8 37. Be2 f5 38. Bc4 e5 39. Be6 f4 40. exf4 exf4 41. gxf4 Re1 42. Bxg4 Re4 43. Kf3 Rd4 44. Be6 Rd3+ 45. Ke4 Rd2 46. f3 Rd6 47. Bd5 Bf6 48. Rf7+ Ke8 49. Rh7 Kd8 50. f5 Ke8 51. f4 Kd8 52. Rh6 Ke7 53. Be6 Rd4+ 54. Ke3 Rd6 55. Rh7+ Kd8 56. Rf7 Bb2 57. Ke4 Ke8 58. Rb7 Kd8 59. Bd5 Bf6 60. Rh7 Ke8 61. Rh6 Ke7 62. Rg6 Ke8 63. Rg1 Ke7 64. Rd1 Kd8 65. Kf3 Ke7 66. Kg4 Kf8 67. Kf3 Ke7 68. Ke4 Kd8 69. Rc1 Kd7 70. Rc4 Kd8 71. Ra4 Kd7 72. Ra7+ Kd8 73. Rf7 Ke8 74. Rh7 Kd8 75. b4 Ke8 76. b5 Kd8 77. Bc6 Rd4+ 78. Kf3 Rd6 79. Rb7 Bd4 80. Ke4 Kc8 81. Ra7 Kd8 82. Bd5 Bc3 83. Rb7 Kc8 84. Re7 Kd8 85. Re6 Kd7 86. Bc6+ Kc7 87. Re7+ Kd8 88. Rb7 Bd4 89. Kf3 Kc8 90. Kg4 Kd8 91. Kg5 Kc8 92. Rf7 Kd8 93. f6 Be3 94. Rf8+ Kc7 95. f7 Bc5 96. Rc8+ Kxc8 97. f8=Q+ Kc7 98. Qf7+ Kc8 99. Qb7+ Kd8 100. Qb8+ Ke7 101. Qe8# 1-0


[Site "https://www.chess.com"]

[Event "Titled Tuesday Blitz May 2 Late 2023"]
[White "Nazaretyan, Tigran"]
[Black "Ansh M Shah"]
[WhiteFideId "24162345"]
[BlackFideId "25033379"]
[WhiteElo "2111"]
[BlackElo "2084"]
[Result "1-0"]
[Round "10"]
[TimeControl "180+2"]
[Date "2023.05.02"]
[WhiteClock "0:00:11"]
[BlackClock "0:00:13"]

1. d4 Nf6 2. c4 e6 3. Nf3 d5 4. Nc3 Bb4 5. Qa4+ Nc6 6. e3 O-O 7. Bd2 a6 8. Rd1 dxc4 9. Bxc4 b5 10. Bxb5 axb5 11. Qxa8 Bxc3 12. Qxc6 Bxd2+ 13. Rxd2 Bd7 14. Qc2 Qa8 15. a3 Bc6 16. Qd1 Ne4 17. Rc2 b4 18. axb4 Ba4 19. O-O Rb8 20. b5 Nd6 21. Qc1 Bxc2 22. Qxc2 Nxb5 23. Ng5 g6 24. h4 Qd5 25. Rc1 Rb7 26. Ne4 Kg7 27. Nc5 Ra7 28. b3 Nd6 29. g3 h5 30. Qb2 Kg8 31. Ra1 Rxa1+ 32. Qxa1 Ne4 33. Nxe4 Qxe4 34. Qc1 Qd5 35. Qc4 Qb7 36. b4 Qb6 37. b5 Qb7 38. Qc6 Qxc6 39. bxc6 Kf8 40. Kg2 Ke7 41. g4 hxg4 42. Kg3 Kd6 43. Kxg4 f6 44. e4 e5 45. dxe5+ Kxe5 46. f3 Kd6 47. h5 gxh5+ 48. Kxh5 Kxc6 49. Kg6 Kd6 50. Kxf6 c5 51. e5+ Kd5 52. e6 c4 53. e7 c3 54. e8=Q c2 55. Qe4+ 1-0


[Site "https://www.chess.com"]

[Event "Titled Tuesday Blitz May 2 Late 2023"]
[White "Goltsev, Dmitry"]
[Black "Urbina Perez, Juan Antonio"]
[WhiteFideId "24176710"]
[BlackFideId "2217368"]
[WhiteElo "2336"]
[BlackElo "2197"]
[Result "1-0"]
[Round "10"]
[TimeControl "180+2"]
[Date "2023.05.02"]
[WhiteClock "0:00:56"]
[BlackClock "0:00:27"]

1. e4 e6 2. d4 d5 3. exd5 exd5 4. Nf3 Bd6 5. c4 Nf6 6. Nc3 O-O 7. Be2 dxc4 8. Bxc4 Re8+ 9. Be3 Nbd7 10. Ng5 Rf8 11. O-O Nb6 12. Bb3 h6 13. Nf3 Re8 14. Qd3 c6 15. Rfe1 Be6 16. Bc2 Qc7 17. Rac1 Nbd5 18. Ne5 Nxc3 19. bxc3 Rad8 20. Bf4 c5 21. Re3 c4 22. Qe2 Nd5 23. Rf3 Nxf4 24. Rxf4 Bxe5 25. dxe5 Rd5 26. Qe4 Qxe5 27. Qh7+ Kf8 28. Re4 Qg5 29. Rce1 Rd2 30. Ba4 Red8 31. h4 Qf6 32. Kh2 Qxf2 33. Qh8+ Ke7 34. Qxg7 Qf6 35. Rxe6+ Qxe6 36. Rxe6+ Kxe6 37. Qxh6+ f6 38. Qe3+ Kf7 39. Qxa7 Rg8 40. Qxb7+ Kf8 41. Bc6 Rxa2 42. Bd5 Rg7 43. Qc8+ Ke7 44. Qc7+ Ke8 45. Qxg7 1-0


[Site "https://www.chess.com"]